[ AOE2 MATCH · #513664866 ]
UnrankedPersians vs Civ #61
Player's team · LOSS
Rival team · WIN
[ REPLAY ANALYSIS · EXTRACTED FROM THE RECORDED GAME ]
Feudal
28:58
Castle
37:02
Imperial
—
| APM avg | 15.2 |
| APM peak | 90 |
| eAPM avg | 10.4 |
| Villagers / military | 40 / 0 |
Focus
⚔️ 24.5% · 🌾 75.5%
Feudal
13:57
Castle
32:54
Imperial
—
| APM avg | 22.3 |
| APM peak | 59 |
| eAPM avg | 9.9 |
| Villagers / military | 47 / 21 |
Focus
⚔️ 29.9% · 🌾 70.1%
Militia ×16 · Unknown (2703) ×14 · Knight ×5
Match map
Initial resources + every placement click. Lines = walls · curves = elevation contours. ◆ gold · ⬟ stone · ● berries · ✦ relic · ◌ wall gap
Your base· Open — unwalled flank
yatus0's base· Open — unwalled flank
Smoothed initial terrain · ◌ = detected wall gap · hover for details
Inputs per minute
— MITOELMEJOR - - yatus0
Build order — MITOELMEJOR
105 actions detected in the replay
| 0:02 | Build | House |
| 0:04 | Build | House |
| 0:06 | Build | House |
| 0:07 | Queue | Villager (Male) |
| 0:07 | Queue | Villager (Male) |
| 0:07 | Queue | Villager (Male) |
| 0:08 | Queue | Villager (Male) |
| 0:08 | Queue | Villager (Male) |
| 1:40 | Queue | Villager (Male) |
| 1:40 | Queue | Villager (Male) |
| 2:19 | Queue | Villager (Male) |
| 2:19 | Queue | Villager (Male) |
| 3:12 | Queue | Villager (Male) |
| 3:12 | Queue | Villager (Male) |
| 3:52 | Queue | Villager (Male) |
| 3:53 | Queue | Villager (Male) |
| 3:53 | Queue | Villager (Male) |
| 4:40 | Research | Loom |
| 5:52 | Build | Town Center |
| 6:00 | Build | Town Center |
| 7:40 | Queue | Villager (Male) |
| 7:40 | Queue | Villager (Male) |
| 8:12 | Build | House |
| 8:20 | Build | Palisade Wall |
| 8:22 | Build | Palisade Wall |
| 8:53 | Queue | Villager (Male) |
| 8:53 | Queue | Villager (Male) |
| 10:34 | Queue | Villager (Male) |
| 10:35 | Queue | Villager (Male) |
| 11:01 | Queue | Villager (Male) |
| 12:00 | Build | Town Center |
| 12:40 | Queue | Villager (Male) |
| 12:40 | Queue | Villager (Male) |
| 12:40 | Queue | Villager (Male) |
| 12:41 | Queue | Villager (Male) |
| 13:18 | Queue | Villager (Male) |
| 14:42 | Build | Mill |
| 15:18 | Queue | Villager (Male) |
| 15:18 | Queue | Villager (Male) |
| 15:52 | Queue | Villager (Male) |
| 15:52 | Queue | Villager (Male) |
| 16:11 | Build | House |
| 16:19 | Queue | Villager (Male) |
| 17:02 | Queue | Villager (Male) |
| 17:43 | Queue | Villager (Male) |
| 17:44 | Queue | Villager (Male) |
| 17:55 | Build | House |
| 18:03 | Build | Palisade Wall |
| 18:07 | Build | House |
| 18:10 | Build | House |
| 18:40 | Queue | Villager (Male) |
| 18:41 | Queue | Villager (Male) |
| 19:18 | Build | Lumber Camp |
| 21:14 | Queue | Villager (Male) |
| 21:15 | Queue | Villager (Male) |
| 22:17 | Build | Farm |
| 22:17 | Build | Farm |
| 22:18 | Build | Farm |
| 22:18 | Build | Farm |
| 22:18 | Build | Farm |
| 22:18 | Build | Farm |
| 22:19 | Build | Farm |
| 22:41 | Build | Mill |
| 22:43 | Build | Farm |
| 22:43 | Build | Farm |
| 22:43 | Build | Farm |
| 22:44 | Build | Farm |
| 22:44 | Build | Farm |
| 22:44 | Build | Farm |
| 22:44 | Build | Farm |
| 22:45 | Build | Farm |
| 25:05 | Build | Lumber Camp |
| 26:01 | Build | Lumber Camp |
| 26:18 | Build | Farm |
| 26:27 | Build | Farm |
| 26:54 | Research | Feudal Age |
| 27:43 | Build | Farm |
| 27:45 | Build | Farm |
| 27:46 | Build | Farm |
| 27:46 | Build | Farm |
| 28:39 | Build | Mining Camp |
| 28:58 | Age | Feudal Age |
| 30:10 | Build | Farm |
| 30:12 | Build | Farm |
| 30:28 | Build | Mining Camp |
| 30:34 | Build | Mining Camp |
| 30:48 | Build | Market |
| 31:00 | Build | House |
| 31:02 | Build | House |
| 31:02 | Build | House |
| 31:03 | Build | House |
| 31:12 | Queue | Villager (Male) |
| 31:16 | Research | Wheelbarrow |
| 31:20 | Research | Double-Bit Axe |
| 32:09 | Queue | Villager (Male) |
| 32:13 | Research | Town Watch |
| 33:26 | Build | Farm |
| 33:44 | Build | Barracks |
| 34:08 | Build | Blacksmith |
| 34:44 | Research | Castle Age |
| 34:55 | Build | Mining Camp |
| 35:51 | Research | Padded Archer Armor |
| 35:58 | Research | Stone Mining |
| 37:02 | Age | Castle Age |
| 38:09 | Build | Castle |
Build order — yatus0
First 150 of 160 actions detected
| 0:01 | Queue | Villager (Male) |
| 0:02 | Queue | Villager (Male) |
| 0:03 | Build | House |
| 0:05 | Build | House |
| 0:35 | Queue | Villager (Male) |
| 0:51 | Queue | Villager (Male) |
| 1:23 | Queue | Villager (Male) |
| 1:59 | Build | Lumber Camp |
| 2:06 | Queue | Villager (Male) |
| 2:38 | Build | House |
| 2:40 | Build | House |
| 2:42 | Queue | Villager (Male) |
| 3:03 | Queue | Villager (Male) |
| 3:20 | Queue | Villager (Male) |
| 4:41 | Queue | Villager (Male) |
| 4:42 | Queue | Villager (Male) |
| 5:41 | Queue | Villager (Male) |
| 5:50 | Queue | Villager (Male) |
| 6:34 | Queue | Villager (Male) |
| 7:25 | Build | Mill |
| 7:52 | Build | Town Center |
| 9:03 | Build | House |
| 9:05 | Build | House |
| 9:19 | Queue | Villager (Male) |
| 9:51 | Queue | Villager (Male) |
| 10:51 | Research | Loom |
| 11:12 | Build | Barracks |
| 11:19 | Queue | Villager (Male) |
| 11:47 | Research | Feudal Age |
| 13:23 | Build | Lumber Camp |
| 13:28 | Queue | Militia |
| 13:28 | Queue | Militia |
| 13:57 | Age | Feudal Age |
| 14:08 | Research | Man-at-Arms (upgrade) |
| 14:34 | Build | Town Center |
| 16:53 | Build | Mill |
| 17:51 | Queue | Militia |
| 17:51 | Queue | Militia |
| 17:54 | Queue | Villager (Male) |
| 17:55 | Queue | Villager (Male) |
| 17:59 | Build | House |
| 18:00 | Build | House |
| 18:46 | Build | House |
| 18:59 | Queue | Militia |
| 19:12 | Build | House |
| 19:41 | Queue | Militia |
| 19:58 | Queue | Villager (Male) |
| 19:58 | Queue | Villager (Male) |
| 20:13 | Build | Farm |
| 20:14 | Build | Farm |
| 20:20 | Build | House |
| 20:21 | Build | House |
| 21:09 | Build | Farm |
| 21:09 | Build | Farm |
| 21:11 | Queue | Villager (Male) |
| 21:11 | Queue | Villager (Male) |
| 21:14 | Build | Farm |
| 21:14 | Build | Farm |
| 21:26 | Build | Watch Tower |
| 21:43 | Build | Farm |
| 21:44 | Build | Farm |
| 21:44 | Build | Farm |
| 21:44 | Build | Farm |
| 21:45 | Build | Farm |
| 21:47 | Queue | Villager (Male) |
| 21:48 | Queue | Villager (Male) |
| 22:07 | Research | Arson |
| 22:14 | Build | Farm |
| 22:14 | Build | Farm |
| 22:49 | Queue | Militia |
| 22:50 | Queue | Villager (Male) |
| 23:11 | Build | Mining Camp |
| 23:26 | Queue | Villager (Male) |
| 23:26 | Queue | Villager (Male) |
| 23:47 | Queue | Militia |
| 23:47 | Queue | Militia |
| 23:57 | Build | Palisade Wall |
| 23:59 | Build | Palisade Wall |
| 23:59 | Build | Palisade Wall |
| 24:00 | Build | Palisade Wall |
| 24:13 | Queue | Villager (Male) |
| 24:13 | Queue | Villager (Male) |
| 24:28 | Queue | Militia |
| 24:34 | Build | Farm |
| 24:34 | Build | Farm |
| 24:34 | Build | Farm |
| 25:11 | Build | Farm |
| 25:13 | Queue | Villager (Male) |
| 25:13 | Queue | Villager (Male) |
| 25:28 | Queue | Villager (Male) |
| 25:52 | Build | House |
| 25:54 | Build | House |
| 25:55 | Build | House |
| 26:32 | Queue | Villager (Male) |
| 26:32 | Queue | Villager (Male) |
| 26:44 | Research | Horse Collar |
| 26:49 | Queue | Militia |
| 26:49 | Queue | Militia |
| 26:59 | Queue | Villager (Male) |
| 28:17 | Queue | Villager (Male) |
| 28:43 | Queue | Villager (Male) |
| 28:51 | Build | Blacksmith |
| 29:00 | Build | Stable |
| 29:42 | Build | Farm |
| 29:44 | Research | Scale Mail Armor |
| 30:14 | Research | Castle Age |
| 30:40 | Build | Barracks |
| 31:13 | Build | Farm |
| 31:18 | Queue | Villager (Male) |
| 31:25 | Research | Forging |
| 31:27 | Queue | Militia |
| 31:27 | Queue | Militia |
| 31:46 | Research | Double-Bit Axe |
| 32:24 | Build | Farm |
| 32:28 | Queue | Militia |
| 32:28 | Queue | Militia |
| 32:54 | Age | Castle Age |
| 33:16 | Build | Castle |
| 33:33 | Research | Long Swordsman (upgrade) |
| 33:41 | Queue | Unit 2703 |
| 33:41 | Queue | Unit 2703 |
| 33:41 | Queue | Unit 2703 |
| 34:23 | Queue | Knight |
| 34:24 | Queue | Knight |
| 34:24 | Queue | Knight |
| 34:53 | Queue | Villager (Male) |
| 34:54 | Queue | Villager (Male) |
| 34:54 | Queue | Villager (Male) |
| 35:10 | Research | Bow Saw |
| 35:32 | Build | Town Center |
| 35:48 | Research | Iron Casting |
| 35:50 | Research | Chain Mail Armor |
| 35:54 | Research | Squires |
| 36:03 | Build | Farm |
| 36:03 | Build | Farm |
| 36:03 | Build | Farm |
| 36:04 | Build | Farm |
| 36:04 | Build | Farm |
| 36:26 | Research | Gambesons |
| 36:27 | Queue | Unit 2703 ×2 |
| 36:27 | Queue | Unit 2703 ×2 |
| 36:45 | Build | House |
| 36:45 | Build | House |
| 36:46 | Build | House |
| 36:46 | Build | House |
| 36:46 | Build | House |
| 36:46 | Build | House |
| 36:51 | Queue | Villager (Male) |
| 36:51 | Queue | Villager (Male) |
| 37:02 | Research | Town Watch |
Match timeline
| 8:20 | MITOELMEJOR · wall_segment Palisade Wall x4 |
| 8:22 | MITOELMEJOR · wall_segment Palisade Wall x3 |
| 11:12 | yatus0 · first_building Barracks |
| 13:57 | yatus0 · age_up feudal |
| 18:03 | MITOELMEJOR · wall_segment Palisade Wall x4 |
| 23:57 | yatus0 · wall_segment Palisade Wall x1 |
| 23:59 | yatus0 · wall_segment Palisade Wall x1 |
| 23:59 | yatus0 · wall_segment Palisade Wall x1 |
| 24:00 | yatus0 · wall_segment Palisade Wall x1 |
| 28:58 | MITOELMEJOR · age_up feudal |
| 29:00 | yatus0 · first_building Stable |
| 32:54 | yatus0 · age_up castle |
| 33:16 | yatus0 · first_building Castle |
| 33:36 | MITOELMEJOR · first_market_sell 100 food |
| 33:44 | MITOELMEJOR · first_building Barracks |
| 37:02 | MITOELMEJOR · age_up castle |
| 38:09 | MITOELMEJOR · first_building Castle |
| 39:08 | MITOELMEJOR · resign |
[ AI ANALYSIS · 1 CREDIT ]
What really happened in this match?
Wolo.gg analyzes every decision: build order, eco, micro, common mistakes by bracket. Personalized analysis on WhatsApp or Discord in 30 seconds.
Civ guide
Persians
Perfil
Jugador #23999929